 Dungeon Crawl Stone Soup version 0.22.1-2-g9c5b331 (webtiles) character file.

758 thomasnlv21 the Skirmisher (level 7, 0/63 HPs)
             Began as a Minotaur Berserker on Nov 18, 2018.
             Was a Believer of Trog.
             Slain by Pikel
             ... wielding a +2 whip of electrocution
              (10 damage)
             ... on level 5 of the Dungeon.
             The game lasted 00:13:42 (4240 turns).

thomasnlv21 the Skirmisher (Minotaur Berserker)     Turns: 4240, Time: 00:13:43

Health: 0/63       AC: 11    Str: 23    XL:     7   Next: 50%
Magic:  6/6        EV: 12    Int:  4    God:    Trog [**....]
Gold:   147        SH:  0    Dex: 10    Spells: 6/6 levels left

rFire    . . .     SeeInvis .   n - +1 war axe
rCold    . . .     Gourm    .   (no shield)
rNeg     . . .     Faith    .   h - +0 chain mail
rPois    .         Spirit   .   (helmet restricted)
rElec    .         Reflect  .   (no cloak)
rCorr    .         Harm     .   (no gloves)
MR       .....                  m - +0 pair of boots (curse)
Stlth    ..........             (no amulet)
HPRegen  0.20/turn              k - +2 ring of evasion
MPRegen  0.10/turn              (no ring)

@: no status effects
A: retaliatory headbutt, horns 2
a: Berserk, Trog's Hand, Renounce Religion


You were on level 5 of the Dungeon.
You worshipped Trog.
Trog was pleased with you.
You were very hungry.

You visited 2 branches of the dungeon, and saw 6 of its levels.

You collected 147 gold pieces.

Inventory:

Hand Weapons
 n - a +1 war axe (weapon)
Armour
 a - a +0 buckler
 h - a +0 chain mail (worn)
 m - a cursed +0 pair of boots (worn)
Jewellery
 j - a +4 amulet of reflection {unknown}
 k - a +2 ring of evasion (left hand)
Scrolls
 b - a scroll of magic mapping
 e - 6 scrolls of identify
 i - a scroll of remove curse
 l - 2 scrolls of immolation
Potions
 d - a potion of might {unknown}
 f - a potion of curing
 g - 3 potions of resistance
Comestibles
 c - 5 rations


   Skills:
 + Level 6.1 Fighting
 + Level 6.0 Axes
 + Level 5.4 Armour
 + Level 4.9 Dodging
 + Level 1.7 Shields


You had 6 spell levels left.
You didn't know any spells.
Your spell library was empty.

Dungeon Overview and Level Annotations

Branches:
Dungeon (5/15)             Temple (1/1) D:4

Altars:
Ashenzari
Dithmenos
Fedhas
Gozag
Hepliaklqana
Makhleb
Nemelex Xobeh
Qazlal
Ru
Trog
Uskayaw
Wu Jian
Xom
Yredelemnul

Annotations:
D:5 Pikel


Innate Abilities, Weirdness & Mutations

You reflexively headbutt those who attack you in melee.
You have a pair of horns on your head.


Message History

Pikel hits you with a whip of electrocution.
The slave hits you. x2
You barely miss Pikel. You headbutt Pikel, but do no damage.
You closely miss the slave. You barely miss the slave. You hit the slave.
Pikel hits you but does no damage. The slave closely misses you.
The slave barely misses you. The slave hits you. x2
You barely miss Pikel. You barely miss the slave. You closely miss the slave.
Your chain mail prevents you from hitting the slave.
You closely miss the slave. Pikel hits you but does no damage.
You are electrocuted!
The slave completely misses you. The slave misses you.
The slave hits you but does no damage. x2
You closely miss Pikel. You headbutt Pikel, but do no damage.
You slash the slave! You hit the slave. You barely miss the slave.
You slash the slave! Pikel hits you but does no damage. The slave hits you.
The slave hits you but does no damage. The slave hits you.
* * * LOW HITPOINT WARNING * * *
The slave hits you.
* * * LOW HITPOINT WARNING * * *
Pikel hits you but does no damage.
You are electrocuted!
You die...

.. .?.
...#########
...........#
...........# .!#
...........# ..#
......pp...#...+
#.K@..# ...#
##..pp.##...#
#...........#
+......(....#
#...........#
#...........#
###+######'######.
#...##............
+....#............


You could see Pikel and 4 slaves.

Vanquished Creatures
  Sigmund (D:2)
  A sky beast (D:4)
  2 ogres
  A crimson imp (D:5)
  A bullfrog skeleton (D:2)
  An orc priest (D:4)
  An orc wizard (D:4)
  Natasha (thrice) (D:2 D:3)
  A worker ant (D:5)
  A killer bee zombie (D:3)
  A howler monkey zombie (D:5)
  2 adders (D:3)
  An ooze (D:3)
  An adder skeleton (D:4)
  3 worms
  2 dart slugs
  3 leopard geckos
  7 orcs
  4 ball pythons
  6 giant cockroaches
  4 goblins
  6 hobgoblins
  2 jackals (D:1)
  6 kobolds
  4 bats
  4 frilled lizards
  6 rats
75 creatures vanquished.

Notes
Turn   | Place    | Note
-------+----------+-------------------------------------------
     0 | D:1      | thomasnlv21 the Minotaur Berserker began the quest for the
                  | Orb.
     0 | D:1      | Reached XP level 1. HP: 19/19 MP: 0/0
   518 | D:1      | Reached XP level 2. HP: 21/27 MP: 1/1
   889 | D:2      | Found a shattered altar of Ashenzari.
   938 | D:2      | Noticed Sigmund
   947 | D:2      | Killed Sigmund
   947 | D:2      | Reached XP level 3. HP: 13/34 MP: 2/2
   947 | D:2      | Reached XP level 4. HP: 16/41 MP: 3/3
   947 | D:2      | Reached XP level 5. HP: 19/47 MP: 4/4
  1440 | D:2      | Noticed Natasha
  1451 | D:2      | Killed Natasha
  1545 | D:2      | Reached skill level 5 in Fighting
  1545 | D:2      | Reached skill level 5 in Axes
  1649 | D:2      | Noticed an ogre
  1655 | D:2      | Killed an ogre
  1655 | D:2      | Reached XP level 6. HP: 34/56 MP: 5/5
  2036 | D:2      | Found a shimmering altar of Xom.
  2167 | D:3      | Noticed Natasha
  2175 | D:3      | Killed Natasha
  2190 | D:3      | Noticed Natasha
  2203 | D:3      | Killed Natasha
  2252 | D:3      | Reached ** piety under Trog
  3141 | D:4      | Reached skill level 5 in Armour
  3141 | D:4      | Reached XP level 7. HP: 57/62 MP: 6/6
  3277 | D:4      | Found a staircase to the Ecumenical Temple.
  3363 | D:4      | Reached skill level 1 in Shields
  3465 | Temple   | Entered the Ecumenical Temple
  3686 | D:4      | Found a hazy altar of Hepliaklqana.
  3804 | D:4      | Found a shadowy altar of Dithmenos.
  3943 | D:5      | Entered Level 5 of the Dungeon
  4231 | D:5      | Noticed Pikel
  4240 | D:5      | Slain by Pikel

Skill      XL: |  1  2  3  4  5  6  7 |
---------------+----------------------+-----
Fighting       | 4 5 6 |  6.1
Axes           | 4 5 6 |  6.0
Armour         | 3 4 5 |  5.4
Dodging        | 3 4 |  4.9
Shields        | 1 |  1.7

Action                   |  1- 3 |  4- 6 |  7- 9 || total
-------------------------+-------+-------+-------++-------
Melee: Hand axe          |    31 |   102 |       ||   133
       Headbutt          |    13 |    12 |    13 ||    38
       War axe           |       |     8 |    51 ||    59
Invok: Berserk           |       |     1 |       ||     1
  Use: Scroll            |     5 |     3 |     2 ||    10
       Potion            |     3 |     1 |     4 ||     8
  Eat: Chunk             |       |     5 |     2 ||     7
       Ration            |       |     1 |       ||     1
Armor: Animal skin       |     8 |     1 |       ||     9
       Chain mail        |       |    54 |    29 ||    83
Dodge: Dodged            |    24 |    58 |    29 ||   111
